Map: Bel'Shir Vestige LE (Void)

Players

Krr - Winner!

  • Race: Protoss Protoss
  • Spawn Location: 11:00

prabuty

  • Race: Protoss Protoss
  • Spawn Location: 5:00

Event: IEM XI Katowice - World Championship 2017

VOD

Have the link to the VOD?

Description

Time

  • Played on: Feb. 28, 2017, 5 a.m.
  • Length: 7:56

All games in this series

Show
View Real Time Build Order
Export as new Build Order

Krr Protoss - Winner!

Build Orders:  

Get SALT Encoding   

  12  0:00  Probe (Chrono Boost)  
  13  0:11  Probe (Chrono Boost)  
  14  0:17  Pylon  
  14  0:22  Probe (Chrono Boost)  
  15  0:35  Probe (Chrono Boost)  
  16  0:36  Gateway  
  16  0:41  Assimilator  
  16  0:45  Probe (Chrono Boost)  
  17  0:56  Probe (Chrono Boost)  
  18  0:57  Assimilator  
  18  1:02  Gateway  
  18  1:07  Probe (Chrono Boost)  
  19  1:17  Probe (Chrono Boost)  
  20  1:22  Cybernetics Core  
  20  1:28  Probe (Chrono Boost)  
  21  1:38  Probe (Chrono Boost)  
  22  1:40  Pylon  
  22  1:45  Warp Gate  
  22  1:49  Probe (Chrono Boost)  
  23  1:59  Stalker x2  
  23  2:01  Probe (Chrono Boost)  
  28  2:09  Pylon  
  30  2:16  Mothership Core (Chrono Boost)  
  30  2:29  Stalker x2  
  34  2:59  Stalker x2  
  38  3:23  Nexus  
  38  3:29  Robotics Facility  
  38  3:31  Pylon  
  38  3:47  Probe (Chrono Boost)  
  39  3:49  Stalker x2  
  43  3:59  Probe (Chrono Boost)  
  44  4:11  Probe (Chrono Boost)  
  44  4:15  Stalker x2  
  40  4:26  Probe (Chrono Boost)  
  40  4:29  Observer  
  40  4:38  Probe (Chrono Boost)  
  38  4:40  Probe (Chrono Boost)  
  39  4:48  Immortal  
  39  4:50  Probe (Chrono Boost)  
  39  4:51  Probe (Chrono Boost)  
  41  4:54  Twilight Council  
  45  5:01  Pylon  
  45  5:02  Probe x2 (Chrono Boost)  
  45  5:03  Sentry  
  49  5:12  Probe (Chrono Boost)  
  51  5:14  Probe (Chrono Boost)  
  51  5:21  Blink  
  51  5:22  Immortal  
  51  5:23  Assimilator, Probe (Chrono Boost)  
  51  5:24  Assimilator  
  51  5:26  Probe (Chrono Boost)  
  57  5:34  Probe (Chrono Boost)  
  58  5:38  Probe (Chrono Boost)  
  59  5:46  Probe (Chrono Boost)  
  61  5:50  Probe (Chrono Boost)  
  61  5:54  Gateway  
  61  5:56  Gateway  
  61  5:57  Gateway  
  61  5:59  Gateway  
  61  6:02  Warp Prism  
  61  6:10  Sentry x2  
  67  6:17  Pylon  
  67  6:18  Pylon  
  67  6:22  Probe (Chrono Boost)  
  67  6:23  Probe (Chrono Boost)  
  69  6:29  Pylon  
  69  6:34  Probe (Chrono Boost)  
  69  6:36  Probe (Chrono Boost)  
  71  6:43  Stalker x2  
  75  6:54  Stalker x4  
  75  6:58  Pylon  
  81  7:17  Stalker x5  
  81  7:21  Stalker  
  93  7:24  Pylon  
  85  7:44  Stalker x5  
Show
View Real Time Build Order
Export as new Build Order

prabuty Protoss 

Build Orders:  

Get SALT Encoding   

  12  0:01  Probe (Chrono Boost)  
  13  0:11  Probe (Chrono Boost)  
  14  0:18  Pylon  
  14  0:22  Probe (Chrono Boost)  
  15  0:36  Probe (Chrono Boost)  
  15  0:38  Gateway  
  16  0:47  Assimilator, Probe (Chrono Boost)  
  17  0:58  Assimilator, Probe (Chrono Boost)  
  18  1:08  Gateway  
  18  1:09  Probe (Chrono Boost)  
  19  1:19  Probe (Chrono Boost)  
  20  1:28  Cybernetics Core  
  20  1:30  Probe (Chrono Boost)  
  20  1:31  Pylon  
  21  1:40  Probe (Chrono Boost)  
  22  1:51  Probe (Chrono Boost)  
  22  1:54  Warp Gate  
  24  2:01  Probe (Chrono Boost)  
  24  2:04  Stalker x2  
  28  2:11  Pylon  
  28  2:17  Mothership Core (Chrono Boost)  
  30  2:39  Nexus  
  31  2:45  Probe (Chrono Boost)  
  31  2:56  Stalker  
  31  2:57  Probe (Chrono Boost)  
  34  3:07  Stalker  
  34  3:09  Probe (Chrono Boost)  
  37  3:15  Pylon  
  36  3:25  Robotics Facility  
  36  3:31  Probe (Chrono Boost)  
  36  3:33  Pylon  
  38  3:43  Probe (Chrono Boost)  
  38  3:51  Probe (Chrono Boost)  
  38  3:55  Probe (Chrono Boost), Stalker  
  40  3:58  Stalker  
  40  4:02  Probe (Chrono Boost)  
  45  4:13  Immortal  
  45  4:21  Stalker x2  
  49  4:34  Pylon  
  45  4:41  Probe (Chrono Boost)  
  45  4:45  Probe (Chrono Boost)  
  46  4:48  Immortal  
  47  4:53  Probe (Chrono Boost)  
  47  4:54  Stalker  
  47  4:55  Probe (Chrono Boost)  
  54  5:05  Probe (Chrono Boost)  
  54  5:06  Probe (Chrono Boost)  
  56  5:07  Twilight Council  
  56  5:09  Stalker  
  58  5:16  Pylon, Probe (Chrono Boost)  
  58  5:17  Probe (Chrono Boost)  
  60  5:24  Assimilator  
  60  5:25  Assimilator  
  60  5:27  Probe (Chrono Boost)  
  62  5:30  Probe (Chrono Boost)  
  62  5:31  Observer  
  63  5:38  Pylon x2, Probe (Chrono Boost)  
  63  5:42  Blink, Probe (Chrono Boost)  
  65  5:48  Probe (Chrono Boost)  
  66  5:54  Probe (Chrono Boost)  
  66  5:55  Observer  
  68  5:59  Probe (Chrono Boost)  
  68  6:03  Nexus  
  69  6:06  Probe (Chrono Boost)  
  69  6:07  Pylon  
  69  6:09  Probe (Chrono Boost)  
  71  6:18  Probe (Chrono Boost)  
  72  6:20  Probe (Chrono Boost)  
  72  6:23  Robotics Bay  
  72  6:24  Immortal  
  73  6:30  Probe (Chrono Boost)  
  73  6:31  Probe (Chrono Boost)  
  79  6:42  Probe (Chrono Boost)  
  79  6:43  Probe (Chrono Boost)  
  79  6:46  Pylon  
  83  6:54  Probe (Chrono Boost)  
  83  6:55  Probe (Chrono Boost)  
  83  6:59  Stargate  
  83  7:04  Stalker x2  
  83  7:06  Probe (Chrono Boost)  
  83  7:08  Probe (Chrono Boost)  
  87  7:18  Probe (Chrono Boost)  
  87  7:20  Probe (Chrono Boost)  
  95  7:25  Probe (Chrono Boost)  
  95  7:28  Stalker x2  
  101  7:30  Probe (Chrono Boost)  
  101  7:32  Probe (Chrono Boost)  
  101  7:36  Probe (Chrono Boost)  
  80  7:54  Stalker x2  

Tags
 
Add a new tag
Caveats
  • Supply blocks, unpowered buildings, or Contaminate may cause inaccurate times.
  • Supply counts are checked every 10 seconds.